 Dungeon Crawl Stone Soup version 0.20-a0-466-gc52d0eb (webtiles) character file.

1589 M4edhros the Covert (level 8, 0/52 HPs)
             Began as an Octopode Artificer on Jan 13, 2017.
             Slain by an orc warrior
             ... wielding a +0 war axe
              (27 damage)
             ... on level 6 of the Dungeon.
             The game lasted 00:06:12 (3707 turns).

M4edhros the Covert (Octopode Artificer)            Turns: 3707, Time: 00:06:13

Health: 0/52       AC:  1    Str: 11    XL:     8   Next: 92%
Magic:  10/10      EV: 15    Int: 14    God:
Gold:   286        SH:  0    Dex: 14    Spells: 4/7 levels left

rFire  . . .     SeeInvis .     a - +1 short sword
rCold  . . .     Gourm    .     (no shield)
rNeg   . . .     Faith    .     (helmet restricted)
rPois  .         Spirit   .     w - amulet of harm
rElec  .         Reflect  .     (no ring)
rCorr  .         Harm     +     (no ring)
MR     .....                    (no ring)
Stlth  +++++.....               (no ring)
                                (no ring)
                                (no ring)
                                (no ring)
                                (no ring)

@: no status effects
A: almost no armour, stealthy swim, amphibious, 8 rings, constrict 8, camouflage
1, gelatinous body 1
a: no special abilities


You were on level 6 of the Dungeon.
You were not hungry.

You visited 1 branch of the dungeon, and saw 6 of its levels.

You collected 286 gold pieces.

Inventory:

Hand Weapons
 a - a +1 short sword (weapon)
Missiles
 h - 29 stones (quivered)
Jewellery
 g - an uncursed amulet of faith
 r - a +2 amulet of reflection
 w - an amulet of harm (around mantle)
Wands
 b - a wand of flame (0/48)
 c - a wand of enslavement (4/24)
 d - a wand of random effects (1/48)
 e - a wand of flame (17/48)
Scrolls
 i - a scroll of enchant weapon
 l - a scroll of identify
Potions
 m - 2 potions of curing {unknown}
 n - 2 potions of lignification {unknown}
 u - a potion of haste {unknown}
Books
 q - a book of Necromancy

   Spells                             Type                      Level
   a - Pain                           Necromancy                   1
   b - Animate Skeleton               Necromancy                   1
   c - Vampiric Draining              Necromancy                   3
   d - Regeneration                   Charms/Necromancy            3
   e - Animate Dead                   Necromancy                   4
   f - Control Undead                 Necromancy                   4
Comestibles
 f - 3 bread rations
 j - a meat ration
 o - a chunk of flesh
 s - a slice of pizza
 t - 2 fruits


   Skills:
 + Level 3.5 Fighting
 - Level 1.0 Short Blades
 + Level 3.7 Dodging
 + Level 10.3 Stealth
 - Level 4.3 Charms
 - Level 4.3 Necromancy
 - Level 3.2 Evocations


You had 4 spell levels left.
You knew the following spells:

 Your Spells              Type           Power        Failure   Level  Hunger
a - Regeneration          Chrm/Necr      ##........   17%         3    ####...


Dungeon Overview and Level Annotations

Branches:
Dungeon (6/15)
 Temple: D:4-7

Altars:
Okawaru


Innate Abilities, Weirdness & Mutations

You cannot wear most types of armour.
You are very stealthy in the water. (Stealth+)
You are amphibious.
You can wear up to eight rings at the same time.
You can use your tentacles to constrict eight enemies at once.
Your skin changes colour to match your surroundings (Stealth+).
Your rubbery body absorbs attacks. (AC +1, EV +1)


Message History

An orc warrior is nearby!
You hit the orc warrior but do no damage.
You grab the orc warrior.
You squeeze the orc warrior, but do no damage.
You constrict the orc warrior. The orc warrior closely misses you.
You hit the orc warrior.
The orc warrior is lightly wounded.
You constrict the orc warrior, but do no damage.
The orc warrior hits you with a war axe!!
Ouch! That really hurt!
You are too injured to fight recklessly!
You release your grip on the orc warrior.
Things that are here:
a dagger; a robe
There is a stone staircase leading up here.
Things that are here:
a whip of freezing; a leather armour The orc warrior hits you with a war axe!!
Ouch! That really hurt!
You die...

## #...>.....####..#. .##
#.......#........l ########
..###.......#.........
#......###.. ..........##...#..
#.>........# #........<.......#
###......# #.###.......##....####
.........# #...........##.#.##
###......###....$......).....#
..#........#.###@......))##..#
#........#.....o......#####.†####
###.##.###)..#...###..#####...#..
#..#.##<............#..........
##.....))..##.##....#.###.#..##
##..)......#.###..#. #.#.##
#####.................. ....#
...................##.. .....#
..†...#.........#### .. ......#


You could see an orc warrior.

Vanquished Creatures
  Pikel (D:5)
  2 ice beasts (D:6)
  A phantom (D:4)
  2 ogres (D:5)
  A bullfrog (D:6)
  A water moccasin zombie (D:5)
  A scorpion (D:4)
  A water moccasin skeleton (D:6)
  A crimson imp (D:6)
  2 hounds
  2 orc priests
  2 orc wizards
  A jelly (D:5)
  A bullfrog zombie (D:5)
  3 worker ants
  A mummy (D:4)
  7 gnolls
  3 adders
  A shadow imp (D:5)
  2 oozes
  A dart slug (D:1)
  2 leopard geckos
  6 orcs
  A giant cockroach (D:6)
  2 goblins
  2 jackals (D:2)
  2 quokkas
  2 bats (D:2)
  2 frilled lizards
  3 kobolds
  3 kobold zombies (D:4)
  A leopard gecko zombie (D:5)
  An orc zombie (D:4)
  A rat (D:2)
65 creatures vanquished.

Vanquished Creatures (collateral kills)
  An orc priest (D:6)
  An orc wizard (D:6)
  2 orcs
  A jackal (D:2)
5 creatures vanquished.

Vanquished Creatures (others)
  4 slaves (D:5)
  An orc wizard (D:5)
  A worker ant (D:5)
  A worm (D:5)
  An orc (D:5)
8 creatures vanquished.

Grand Total: 78 creatures vanquished

Notes
Turn   | Place    | Note
-------+----------+-------------------------------------------
     0 | D:1      | M4edhros the Octopode Artificer began the quest for the Orb.
     0 | D:1      | Reached XP level 1. HP: 13/13 MP: 3/3
    76 | D:1      | Reached skill level 2 in Stealth
   108 | D:1      | Reached skill level 3 in Stealth
   108 | D:1      | Reached XP level 2. HP: 17/18 MP: 4/4
   441 | D:2      | Reached skill level 4 in Stealth
   481 | D:3      | Reached XP level 3. HP: 18/23 MP: 5/5
   591 | D:4      | Reached skill level 5 in Stealth
   975 | D:4      | Reached XP level 4. HP: 28/28 MP: 6/6
  1116 | D:4      | Reached skill level 6 in Stealth
  1201 | D:4      | Learned a level 3 spell: Regeneration
  1211 | D:4      | Reached XP level 5. HP: 7/33 MP: 7/7
  1510 | D:4      | Noticed a phantom
  1522 | D:5      | Entered Level 5 of the Dungeon
  1527 | D:5      | Reached skill level 1 in Charms
  1527 | D:5      | Reached skill level 1 in Necromancy
  1572 | D:5      | Reached skill level 7 in Stealth
  1621 | D:5      | Noticed an ogre
  1685 | D:5      | Killed an ogre
  1685 | D:5      | Reached XP level 6. HP: 38/38 MP: 8/8
  1714 | D:5      | Noticed a slave
  1714 | D:5      | Noticed a slave
  1765 | D:4      | Killed a phantom
  2129 | D:4      | Reached XP level 7. HP: 41/43 MP: 9/9
  2385 | D:5      | Reached skill level 8 in Stealth
  2542 | D:5      | Found an iron altar of Okawaru.
  2599 | D:5      | Noticed Pikel
  2641 | D:5      | Killed Pikel
  2641 | D:5      | Reached skill level 9 in Stealth
  2641 | D:5      | Reached XP level 8. HP: 20/48 MP: 10/10
  3542 | D:6      | Reached skill level 10 in Stealth
  3707 | D:6      | Slain by an orc warrior

Vault maps used:
D:1:      lightli_arrival_windingriver
D:2:      wad_floor_pattern_untrapped, st_stairs_4
D:3:      marbit_many_paths, st_stairs_4, uniq_sigmund
D:4:      minmay_mini_ossuary
D:5:      first_bread, basic_altar, uniq_pikel

Skill      XL: |  1  2  3  4  5  6  7  8 |
---------------+-------------------------+-----
Stealth        | 3 4 5 6 7 9 10 | 10.3
Charms         | 2 4 |  4.3
Necromancy     | 2 4 |  4.3
Fighting       | 3 |  3.5
Dodging        | 3 |  3.7
Short Blades   | |  1.0
Evocations     | |  3.2

Action                   |  1- 3 |  4- 6 |  7- 9 || total
-------------------------+-------+-------+-------++-------
Melee: Short sword       |    49 |    47 |    63 ||   159
       Constrict         |    13 |    11 |    17 ||    41
       Tentacles         |    10 |    18 |    18 ||    46
 Cast: Regeneration      |       |       |     1 ||     1
Evoke: Wand              |     4 |    18 |    21 ||    43
  Use: Potion            |     1 |     1 |       ||     2
       Scroll            |       |       |    10 ||    10
 Stab: Sleeping          |     5 |     3 |    11 ||    19
       Confused          |       |       |     1 ||     1
  Eat: Chunk             |       |     4 |     5 ||     9
Armor: Skin              |     2 |     1 |     1 ||     4
Dodge: Dodged            |    42 |    37 |    27 ||   106
